 Dungeon Crawl Stone Soup version 0.30.1-3-gfc49f6343a (webtiles) character file.

Game seed: 8538269893097528682

459956 safid the Acrobat (level 24, 0/318 HPs)
             Began as a Merfolk Ice Elementalist on July 20, 2023.
             Was the Champion of Vehumet.
             Slain by a tentacled monstrosity (3 damage)
             ... on level 1 of the Realm of Zot on July 21, 2023.
             The game lasted 03:39:03 (61352 turns).

safid the Acrobat (Merfolk Ice Elementalist)       Turns: 61352, Time: 03:39:04

Health: 0/318      AC:  8    Str: 20    XL:     24   Next: 14%
Magic:  25/39      EV: 12    Int: 30    God:    Vehumet [******]
Gold:   1123       SH:  0    Dex: 10    Spells: 8/47 levels left

rFire   + + .        h - melded +5 demon trident of Salt {pain, *Noise rPois rF+ rC++}
rCold   . . .        (shield currently unavailable)
rNeg    + + .        r - melded +0 robe of the Bulwark {rF+ Regen+}
rPois   +            G - melded +2 helmet of Bad Feelings {rC++ Dex-2}
rElec   +            Z - melded +2 cloak {rPois}
rCorr   .            t - melded +2 pair of gloves {Str+3}
SInv    .            J - melded +2 pair of boots
Will    +....        C - amulet of Midnight {RegenMP rC+}
Stlth   +++          A - ring of Qiyllim {Contam rN++ Str+6 Int+2 Dex-3}
HPRegen 0.73/turn    b - ring "Biupniuv" {Wiz rElec Str-5 Int+4 Stlth+}
MPRegen 0.66/turn

%: clarity, wizardry (x1)
@: dragon-form, corroded, flying, very slightly contaminated, constricted,
studying Long Blades
A: dragon claw, dragon scales, breathe fire, flying, boosted hp, giant, (nimble
swimmer 2), (mertail), (fangs 1), (iridescent scales 1), clarity, clumsy 1
}: 3/15 runes: decaying, serpentine, slimy
a: Breathe Fire, End Transformation, Renounce Religion


You were on level 1 of the Realm of Zot.
You worshipped Vehumet.
Vehumet was exalted by your worship.
You were a fearsome dragon!
You visited 10 branches of the dungeon, and saw 46 of its levels.
You visited the Abyss 1 time.
You visited 1 bazaar.
You also visited: Gauntlet, Ice Cave, Volcano, Wizlab and Desolation.

You collected 4924 gold pieces.
You spent 3801 gold pieces at shops.

Inventory:

Hand Weapons
 h - the +5 demon trident of Salt (melded) {pain, *Noise rPois rF+ rC++}
   (You found it on level 4 of the Vaults)

   rF:        It protects you from fire.
   rC:        It greatly protects you from cold.
   rPois:     It protects you from poison.
   *Noise:    It may make noises in combat.
Missiles
 B - 8 throwing nets
 O - 12 curare-tipped darts
 Y - 9 silver javelins
Armour
 r - the +0 robe of the Bulwark (melded) {rF+ Regen+}
   (You found it on level 2 of the Dungeon)

   rF:        It protects you from fire.
   Regen:     It increases your rate of health regeneration.
 t - a +2 pair of gloves of strength (melded)
 G - the +2 helmet of Bad Feelings (melded) {rC++ Dex-2}
   (You found it in a Gauntlet)

   Dex:       It affects your dexterity (-2).
   rC:        It greatly protects you from cold.
 J - a +2 pair of boots (melded)
 Z - a +2 cloak of poison resistance (melded)
Jewellery
 b - the ring "Biupniuv" (right foreclaw) {Wiz rElec Str-5 Int+4 Stlth+}
   (You found it on level 5 of the Pits of Slime)

   [ring of wizardry]

   It improves your spell success rate.
   Str:       It affects your strength (-5).
   Int:       It affects your intelligence (+4).
   rElec:     It insulates you from electricity.
   Stlth:     It makes you more stealthy.
 A - the ring of Qiyllim (left foreclaw) {Contam rN++ Str+6 Int+2 Dex-3}
   (You found it in the Desolation of Salt)

   [ring of strength]

   Str:       It affects your strength (+6).
   Int:       It affects your intelligence (+2).
   Dex:       It affects your dexterity (-3).
   rN:        It greatly protects you from negative energy.
   Contam:    It causes magical contamination when unequipped.
 C - the amulet of Midnight (around neck) {RegenMP rC+}
   (You found it in the Desolation of Salt)

   [amulet of magic regeneration]

   It increases your rate of magic regeneration.
   rC:        It protects you from cold.
 E - an amulet of regeneration
 R - the ring of Xahaz {Ice rElec Int+2 SInv}
   (You bought it in a shop on level 2 of the Orcish Mines)

   [ring of ice]

   It enhances your ice magic.
   Int:       It affects your intelligence (+2).
   rF:        It makes you vulnerable to fire.
   rC:        It protects you from cold.
   rElec:     It insulates you from electricity.
   SInv:      It lets you see invisible.
Wands
 k - a wand of digging (29)
 n - a wand of iceblast (50)
 z - a wand of flame (148)
 F - a wand of paralysis (32)
 I - a wand of mindburst (45)
 K - a wand of light (54)
 W - a wand of polymorph (10)
Scrolls
 g - 7 scrolls of fog
 i - 4 scrolls of butterflies
 o - 10 scrolls of teleportation
 p - 19 scrolls of identify
 x - 4 scrolls of fear (quivered)
 y - a scroll of blinking
 D - 8 scrolls of amnesia
 N - 8 scrolls of silence
 U - 2 scrolls of magic mapping
Potions
 a - 12 potions of brilliance
 c - a potion of magic
 f - 2 potions of mutation
 l - 4 potions of ambrosia
 m - 3 potions of berserk rage
 s - 5 potions of haste
 u - 14 potions of curing
 v - 8 potions of lignification
 w - 2 potions of resistance
 H - 6 potions of might
 M - 4 potions of invisibility
 V - 6 potions of heal wounds
 X - a potion of cancellation
Miscellaneous
 e - a phial of floods
 q - a lightning rod (4/4)
 S - a phantom mirror
 T - a box of beasts


   Skills:
 + Level 22.5 Fighting
 + Level 25.1 Dodging
 - Level 2.1 Stealth
 + Level 18.3 Unarmed Combat
 - Level 12.0 Spellcasting
 - Level 2.0 Conjurations
 - Level 6.0 Translocations
 - Level 18.0 Transmutations
 + Level 24.9 Ice Magic
 * Level 1.4 Evocations


You had 8 spell levels left.
You knew the following spells:

 Your Spells              Type           Power      Damage    Failure   Level
a - Manifold Assault      Tloc           52%        N/A       1%          4
b - Frozen Ramparts       Ice            100%       1d16      0%          3
c - Ozocubu's Armour      Ice            100%       N/A       0%          3
d - Irradiate             Conj/Tmut      33%        3d22      1%          5
e - Ozocubu's Refrigerat  Ice            53%        4d19      1%          7
f - Dragon Form           Tmut           45%        N/A       1%          7
g - Polar Vortex          Ice            53%        N/A       1%          9
h - Freeze                Ice            100%       1d10      0%          1

Your spell library contained the following spells:

 Spells                   Type           Power      Damage    Failure   Level
 Ignition                 Fire           9%         3d5       100%        8
 Fire Storm               Conj/Fire      12%        8d3       100%        9
 Shatter                  Erth           9%         3d11*     100%        9
 Beastly Appendage        Tmut           100%       N/A       0%          1
 Wereblood                Tmut           90%        N/A       0%          2
 Ice Form                 Ice/Tmut       98%        N/A       0%          4
 Apportation              Tloc           100%       N/A       1%          1
 Kiss of Death            Conj/Necr      96%        2d12      1%          1
 Magic Dart               Conj           100%       1d8       1%          1
 Necrotise                Necr           72%        1d7       1%          1
 Slow                     Hex            72%        N/A       1%          1
 Sting                    Tmut/Pois      100%       1d8       1%          1
 Summon Small Mammal      Summ           72%        N/A       1%          1
 Call Imp                 Summ           36%        N/A       1%          2
 Cigotuvi's Dreadful Rot  Necr/Pois/Air  36%        N/A       1%          2
 Ensorcelled Hibernation  Hex/Ice        100%       N/A       1%          2
 Lesser Beckoning         Tloc           100%       N/A       1%          2
 Momentum Strike          Conj/Tloc      84%        3d10      1%          2
 Passwall                 Tmut/Erth      53%        N/A       1%          2
 Static Discharge         Conj/Air       48%        2-4/arc   1%          2
 Sublimation of Blood     Necr           18%        N/A       1%          2
 Gell's Gravitas          Tloc           52%        N/A       1%          3
 Hailstorm                Conj/Ice       78%        3d16      1%          3
 Ignite Poison            Fire/Tmut/Pois 52%        N/A       1%          3
 Mephitic Cloud           Conj/Pois/Air  21%        N/A       1%          3
 Portal Projectile        Hex/Tloc       72%        N/A       1%          3
 Spider Form              Tmut/Pois      64%        N/A       1%          3
 Stone Arrow              Conj/Erth      48%        3d10      1%          3
 Teleport Other           Tloc           52%        N/A       1%          3
 Vhi's Electric Charge    Tloc/Air       72%        N/A       1%          3
 Volatile Blastmotes      Fire/Tloc      72%        2d16      1%          3
 Iskenderun's Mystic Bla  Conj/Tloc      42%        2d10      1%          4
 Passage of Golubria      Tloc           52%        N/A       1%          4
 Petrify                  Tmut/Erth      64%        N/A       1%          4
 Summon Ice Beast         Ice/Summ       75%        N/A       1%          4
 Blade Hands              Tmut           45%        N/A       1%          5
 Freezing Cloud           Conj/Ice/Air   32%        6-21      1%          5
 Metabolic Englaciation   Hex/Ice        37%        N/A       1%          5
 Yara's Violent Unravell  Hex/Tmut       32%        3d13      1%          5
 Eringya's Noxious Bog    Tmut/Pois      32%        N/A       1%          6
 Simulacrum               Ice/Necr       37%        N/A       1%          6
 Fulminant Prism          Conj/Hex       12%        3d9       2%          4
 Sticky Flame             Conj/Fire      24%        2d5       2%          4
 Call Canine Familiar     Summ           18%        N/A       3%          3
 Confusing Touch          Hex            18%        N/A       3%          3
 Swiftness                Air            18%        N/A       3%          3
 Tukima's Dance           Hex            18%        N/A       3%          3
 Vampiric Draining        Necr           18%        2d7       3%          3
 Airstrike                Air            9%         2d(2-18)  3%          4
 Olgreb's Toxic Radiance  Pois           18%        N/A       3%          4
 Iskenderun's Battlesphe  Conj           30%        2d8       4%          5
 Statue Form              Tmut/Erth      42%        N/A       4%          6
 Fireball                 Conj/Fire      12%        3d7       6%          5
 Lee's Rapid Deconstruct  Erth           9%         3d7*      9%          5
 Summon Forest            Summ/Tloc      18%        N/A       9%          5
 Anguish                  Hex/Necr       9%         N/A       12%         4
 Animate Armour           Summ/Erth      36%        N/A       12%         4
 Animate Dead             Necr           18%        N/A       12%         4
 Cause Fear               Hex            9%         N/A       12%         4
 Dispel Undead            Necr           18%        3d11      12%         4
 Leda's Liquefaction      Hex/Erth       9%         N/A       12%         4
 Summon Lightning Spire   Summ/Air       18%        N/A       12%         4
 Conjure Ball Lightning   Conj/Air       12%        3x3d6     28%         6
 Orb of Destruction       Conj           15%        9d7       65%         7
 Death Channel            Necr           9%         N/A       83%         6
 Necromutation            Tmut/Necr      32%        N/A       86%         8
 Malign Gateway           Summ/Tloc      18%        N/A       93%         7
 Enfeeble                 Hex            9%         N/A       100%        7
 Haunt                    Necr/Summ      9%         N/A       100%        7
 Summon Hydra             Summ           9%         N/A       100%        7
 Infestation              Necr           9%         N/A       100%        8
 Lehudib's Crystal Spear  Conj/Erth      12%        10d4      100%        8
 Dragon's Call            Summ           9%         N/A       100%        9


Dungeon Overview and Level Annotations

Branches:
Dungeon (15/15)            Temple (1/1) D:7            Lair (5/5) D:8
  Swamp (4/4) Lair:2        Snake (4/4) Lair:3        Slime (5/5) Lair:4
    Orc (2/2) D:9             Elf (0/3) Orc:2        Vaults (5/5) D:14
  Crypt (0/3) Vaults:2     Depths (4/4) D:15            Zot (1/5) Depths:4
  IceCv (visited)         Volcano (visited)          WizLab (visited)
Desolation (visited)      Gauntlet (visited)

Altars:
Ashenzari
Cheibriados
Dithmenos
Elyvilon
Fedhas
Gozag
Hepliaklqana
Kikubaaqudgha
Makhleb
Nemelex Xobeh
Okawaru
Qazlal
Ru
Sif Muna
Trog
Uskayaw
Vehumet
Wu Jian
Xom
Yredelemnul
Zin
The Shining One
Jiyva
Lugonu

Shops:
Orc:2 :=[*   Depths:1 =   Depths:3 =

Portals:
Hell: Depths:1 Depths:2 Depths:3 Depths:4
Abyss: Depths:1 Depths:2 Depths:3
Pandemonium: Depths:2 Depths:4
Ziggurat: Depths:3
Trove: Depths:1 (show abyssal rune of Zot)

Annotations:
D:5 3 runed translucent doors, boopmooplesden's ghost, novice DsBe
D:13 3 runed translucent doors, HilariousDeathArtist's ghost, journeyman VSBe; Leinaam's ghost, journeyman MiBe
Lair:2 Amaemon
Lair:4 2 transporters, LynnLen's ghost, journeyman SpEn; Rupert
Snake:1 4 transporters, exclusion: orange crystal statue, Aizul; Licon's ghost, journeyman GnWn


Innate Abilities, Weirdness & Mutations

You are a fearsome dragon!
You have a powerful clawing attack.
Your giant scaled body is strong and resiliant, but less evasive.
You can breathe fire.
You are flying.
Your maximum health is greatly increased.
Your armour is entirely melded.
You are incapable of wielding weapons or throwing items.
((You are very nimble when in or above water. (Stealth+, EV+, Speed+++)))
((Your lower body shifts to a powerful aquatic tail in water.))
((You have very sharp teeth.))
((You are partially covered in iridescent scales. (AC +2)))
You possess an exceptional clarity of mind.
You are clumsy. (Dex -2)


Message History

Unknown command.
Casting: Ozocubu's Refrigeration (safe; 1% risk of failure)
Confirm with . or Enter, or press ? or * to list all spells.
You erupt in a fountain of uncontrolled magic!
The yellow draconian annihilator is blasted with magical radiation!!!
You kill the yellow draconian annihilator!
Vehumet accepts your kill.
The white draconian stormcaller is blasted with magical radiation!
The white draconian stormcaller is moderately wounded.
The white draconian is blasted with magical radiation!!
The white draconian is severely wounded.
The white draconian twists and deforms.
The yellow draconian is blasted with magical radiation!!!
The yellow draconian is almost dead.
The tentacled monstrosity is blasted with magical radiation!!
The tentacled monstrosity is almost dead.
The tentacled monstrosity twists and deforms.
The red draconian scorcher is blasted with magical radiation!!
The red draconian scorcher is moderately wounded.
The red draconian scorcher twists and deforms.
The purple draconian shifter is blasted with magical radiation!!
The purple draconian shifter is heavily wounded.
The red draconian is blasted with magical radiation!
The red draconian is heavily wounded.
You are very lightly contaminated with residual magic.
The white draconian stormcaller hits you with a +0 dagger!
* * * LOW HITPOINT WARNING * * *
The red draconian scorcher barely misses you.
The red draconian hits you with a +0 glaive!
* * * LOW HITPOINT WARNING * * *
The white draconian hits you with a +0 mace.
* * * LOW HITPOINT WARNING * * *
A white draconian stormcaller comes into view.
It is wielding a +0 long sword.
The purple draconian shifter casts a spell.
The purple draconian shifter blinks!
The tentacled monstrosity tentacle-slaps you but does no damage.
The tentacled monstrosity tentacle-slaps you.
* * * LOW HITPOINT WARNING * * *
The tentacled monstrosity tentacle-slaps you.
You die...

#!......
#q...q.
####......
#........
#.:.....#
.......## .
#.).§.#####§.
#..∩d§...qdd.
#..qDq.q..#
#).ddX....#
#......####
####)..#
)...# #....#
#..q.# ######


You could see a tentacled monstrosity (misshapen), a black draconian knight
(slow), a black draconian, a yellow draconian (slow), 2 draconians, a white
draconian (misshapen), 2 draconians, 2 draconians, a yellow draconian
annihilator and a red draconian scorcher (slow, misshapen).

Vanquished Creatures
  the Royal Jelly (Slime:5)
  Mara (Vaults:2)
  Vashnia (Snake:4)
  Saint Roka (Snake:2)
  Nikola (Vaults:1)
  Jory (Depths:3)
  An electric golem (WizLab)
  Jorgrun (Snake:2)
  A lich (Depths:4)
  A titan (Vaults:4)
  21 acid blobs
  An ancient champion (Vaults:2)
  2 sphinxes
  3 thorn hunters
  Frances (D:12)
  The ghost of Rosiov the Covert, an adept GnDe of Gozag (Snake:2)
  3 tengu reavers
  Gastronok (Lair:2)
  Kirke (Snake:1)
  Agnes (Snake:1)
  2 draconian knights
  14 rockslimes
  12 azure jellies
  2 fenstrider witches
  8 nagarajas
  Roxanne (D:14)
  4 fire giants
  A deep elf sorcerer (Depths:2)
  3 imperial myrmidons (Desolation)
  An iron dragon (Depths:2)
  13 vault wardens
  6 frost giants
  A draconian scorcher (Zot:1)
  18 ironbound preservers
  2 draconian shifters
  A ghoul (Vaults:2)
  Louise (Swamp:4)
  A draconian stormcaller (Depths:4)
  An orc warlord (Vaults:1)
  A draconian annihilator (Zot:1)
  12 very ugly things
  12 quicksilver oozes
  A war gargoyle (WizLab)
  9 ironbound thunderhulks
  10 stone giants
  2 vampire knights
  3 eleionomae
  Azrael (D:14)
  A green draconian (Zot:1)
  4 black draconians (Depths:4)
  A lorocyproca (Depths:4)
  A bunyip (shapeshifter) (Depths:1)
  The ghost of jujuben the Brawler, a journeyman TrGl of Xom (Orc:2)
  A purple draconian (Zot:1)
  A minotaur (Gauntlet)
  2 halazid warlocks (Desolation)
  A white draconian (Zot:1)
  6 bunyips
  A green death (Depths:2)
  13 dire elephants
  10 ettins
  6 crystal guardians
  4 yellow draconians
  6 jiangshi
  8 fire dragons
  Josephine (D:10)
  A shambling mangrove (Swamp:3)
  A merfolk javelineer (Depths:1)
  7 yaktaur captains
  7 great orbs of eyes
  Fannar (D:12)
  11 servants of whispers (Desolation)
  12 ragged hierophants (Desolation)
  4 rakshasas
  9 vault guards
  22 hydras
  17 peacekeepers
  Harold (D:11)
  Erolcha (Orc:2)
  6 salamander tyrants
  6 ironbound frosthearts
  13 anacondas
  13 centaur warriors
  2 ghost crabs
  An anaconda (shapeshifter) (Vaults:2)
  5 ice dragons
  A catoblepas (Lair:5)
  6 two-headed ogres
  8 alligators
  4 spriggan air magi
  9 boulder beetles
  4 deep troll shamans
  Urug (D:11)
  12 naga warriors
  5 deep troll earth magi
  5 orc high priests (Orc:2)
  9 tengu warriors
  3 death yaks (Lair:5)
  3 vampire magi
  4 spriggan berserkers
  12 hell knights
  18 naga sharpshooters
  7 shock serpents
  A sun demon (Depths:2)
  Sonja (Orc:2)
  2 soul eaters
  A skyshark (Lair:5)
  3 goliath frogs
  2 wretched stars (Abyss:1)
  2 salamander mystics (Snake:4)
  4 iron trolls
  2 sixfirhies
  48 deep trolls
  10 skeletal warriors
  2 spriggan druids
  12 swamp dragons
  A phantasmal warrior (D:14)
  A sea snake (shapeshifter) (Vaults:2)
  4 bog bodies
  5 naga ritualists
  A swamp dragon (shapeshifter) (Vaults:2)
  16 ironbound convokers
  15 lindwurms
  5 necromancers
  3 glowing orange brains
  5 wizards
  2 wolf spider zombies (D:15)
  13 orc knights
  5 shining eyes
  2 orc sorcerers
  13 mana vipers
  23 ugly things
  2 will-o-the-wisps
  4 cyclopes
  A cyclops (shapeshifter) (Vaults:2)
  4 manticores
  An ice statue (IceCv)
  18 salamanders
  6 centaur zombies (D:15)
  9 elephants
  13 guardian serpents
  32 black mambas
  An eye of devastation (Depths:3)
  13 naga magi
  7 molten gargoyles
  2 smoke demons
  13 vault sentinels
  5 gargoyles (WizLab)
  14 cane toads
  Maggie (D:7)
  5 kobold demonologists
  2 rime drakes (Lair:5)
  A yaktaur (shapeshifter) (Abyss:1)
  An unseen horror (D:11)
  16 ice devils
  7 komodo dragons
  Psyche (D:8)
  4 freezing wraiths (IceCv)
  3 tengu conjurers (Depths:1)
  2 efreet
  2 guardian mummies (Depths:1)
  2 red devils (Depths:2)
  34 yaktaurs
  A silent spectre (Vaults:4)
  2 anaconda simulacra (IceCv)
  10 trolls
  A bloated husk (Swamp:3)
  18 hornets
  A hellwing (Depths:2)
  10 tyrant leeches
  104 saltlings (Desolation)
  17 blink frogs
  6 dream sheep
  72 slime creatures
  A centaur simulacrum (Gauntlet)
  Sigmund (D:4)
  12 water elementals
  2 wyverns
  2 ynoxinuls
  2 shadows
  2 vampires (D:15)
  10 wraiths
  15 spriggans
  A dire elephant simulacrum (IceCv)
  2 hogs (Snake:1)
  A culicivora (shapeshifter) (D:14)
  3 golden eyes (Slime:5)
  7 humans
  2 chaos spawn
  A neqoxec (Abyss:1)
  Grum (D:11)
  2 basilisks
  4 fire bats
  5 steam dragons
  7 fire elementals
  57 yaks
  5 death yak simulacra (IceCv)
  8 vampire mosquitoes
  3 large abominations (Abyss:1)
  3 wargs
  12 swamp worms
  2 acid dragons
  38 nagas
  A spectral cane toad (Lair:2)
  2 harpy simulacra
  13 water moccasins
  A hell hound (D:14)
  6 swamp drakes
  2 elephant zombies (Lair:3)
  A hornet zombie (D:15)
  41 orc warriors
  4 black bears
  An ice dragon simulacrum (Gauntlet)
  18 wolves
  3 boggarts (Vaults:1)
  5 ogres
  A boggart (shapeshifter) (D:15)
  14 centaurs
  A phantom (D:4)
  Blork the orc (D:6)
  2 kobold brigands (D:11)
  6 bullfrogs
  2 spectral water moccasins (Lair:2)
  4 gnoll sergeants
  2 cane toad simulacra
  7 earth elementals
  A scorpion (D:6)
  2 two-headed ogre simulacra
  20 wights
  5 killer bees (D:11)
  2 elephant simulacra (IceCv)
  3 howler monkeys
  4 electric eels
  5 hounds
  A gnoll bouda (D:7)
  29 orc priests
  2 iguanas
  5 jellies
  2 iron imps (Abyss:1)
  2 basilisk zombies (Lair:3)
  Jessica (D:2)
  Terence (D:2)
  12 orc wizards
  A sleepcap (D:7)
  Natasha (twice) (D:2)
  14 hell rats (Lair:2)
  2 lightning spires (WizLab)
  9 polar bear simulacra
  2 spriggan simulacra (IceCv)
  2 troll simulacra (D:12)
  4 wolf simulacra (IceCv)
  A boggart simulacrum (Gauntlet)
  21 gnolls
  15 adders
  5 naga simulacra
  2 shadow imps (Gauntlet)
  A white imp (Abyss:1)
  3 ufetubi
  5 worms (D:2)
  3 dart slugs
  81 orcs
  15 ball pythons
  4 bats (D:3)
  9 endoplasms
  6 giant cockroaches
  11 goblins
  9 hobgoblins
  3 jackals (D:3)
  3 quokkas
  3 frilled lizards
  4 kobolds
  9 rats
  A spectral orc (D:9)
1875 creatures vanquished.

Vanquished Creatures (others)
  A fire vortex (Volcano)
  9 foxfires
10 creatures vanquished.

Grand Total: 1885 creatures vanquished

Notes
Turn   | Place    | Note
-------+----------+-------------------------------------------
     0 | D:1      | safid the Merfolk Ice Elementalist began the quest for the
                  | Orb.
     0 | D:1      | Reached XP level 1. HP: 13/13 MP: 3/3
     2 | D:1      | Found a faded altar of an unknown god.
   338 | D:1      | Reached XP level 2. HP: 20/20 MP: 1/5
   346 | D:1      | Reached skill level 1 in Fighting
   833 | D:1      | Reached XP level 3. HP: 24/26 MP: 2/6
  1140 | D:2      | Noticed Jessica
  1142 | D:2      | Killed Jessica
  1147 | D:2      | Learned a level 3 spell: Frozen Ramparts
  1194 | D:2      | Reached skill level 5 in Ice Magic
  1204 | D:2      | Learned a level 3 spell: Ozocubu's Armour
  1231 | D:2      | Reached XP level 4. HP: 30/33 MP: 5/8
  1809 | D:2      | Noticed Natasha
  1818 | D:2      | Noticed Terence
  1824 | D:2      | Killed Natasha
  1825 | D:2      | Reached XP level 5. HP: 10/39 MP: 6/9
  2072 | D:2      | Identified the +0 robe of the Bulwark {rF+ Regen+}
  2180 | D:2      | Killed Terence
  2390 | D:2      | Noticed Natasha
  2398 | D:2      | Killed Natasha
  2707 | D:3      | Found a burning altar of Makhleb.
  2738 | D:3      | Found an ancient bone altar of Kikubaaqudgha.
  2746 | D:3      | Reached XP level 6. HP: 47/47 MP: 9/11
  4003 | D:4      | Reached XP level 7. HP: 51/54 MP: 8/13
  4051 | D:4      | Noticed Sigmund
  4073 | D:4      | Killed Sigmund
  4273 | D:4      | Identified the +1 spear "Xigifush" {heavy, rElec}
  4462 | D:4      | Reached skill level 5 in Fighting
  4921 | D:5      | Entered Level 5 of the Dungeon
  5076 | D:5      | Found a sacrificial altar of Ru.
  5104 | D:5      | Found a blossoming altar of Fedhas.
  5501 | D:5      | Found a runed translucent gate.
  5501 | D:5      | Found a runed translucent gate.
  5501 | D:5      | Found a runed translucent gate.
  5502 | D:5      | Noticed boopmooplesden's ghost (novice DsBe)
  5553 | D:6      | Reached skill level 5 in Spellcasting
  5553 | D:6      | Reached XP level 8. HP: 59/62 MP: 11/15
  6182 | D:6      | Found a shimmering altar of Xom.
  6189 | D:6      | Learned a level 5 spell: Irradiate
  6189 | D:6      | Found a shimmering altar of Xom.
  6241 | D:6      | Noticed Blork the orc
  6248 | D:6      | Killed Blork the orc
  6401 | D:6      | Reached skill level 3 in Dodging
  6401 | D:6      | Reached skill level 1 in Transmutations
  6609 | D:6      | Reached skill level 1 in Conjurations
  6825 | D:7      | Found a staircase to the Ecumenical Temple.
  6835 | D:7      | Reached XP level 9. HP: 71/71 MP: 8/17
  6860 | D:7      | Reached skill level 4 in Dodging
  6899 | Temple   | Entered the Ecumenical Temple
  7041 | Temple   | Became a worshipper of Vehumet
  7241 | D:7      | Learned a level 7 spell: Ozocubu's Refrigeration
  7270 | D:7      | Noticed Maggie
  7290 | D:7      | Killed Maggie
  7473 | D:7      | Reached skill level 5 in Dodging
  7632 | D:7      | Reached XP level 10. HP: 70/80 MP: 13/20
  7690 | D:7      | Reached skill level 6 in Dodging
  7690 | D:7      | Reached skill level 5 in Transmutations
  8443 | D:8      | Identified the ring of Lokof {rPois Int+6 Dex+3}
  8639 | D:8      | Noticed Psyche
  8652 | D:8      | Killed Psyche
  8786 | D:8      | Found a staircase to the Lair.
  9398 | D:9      | Reached skill level 7 in Dodging
  9399 | D:9      | Reached * piety under Vehumet
  9399 | D:9      | Offered knowledge of Foxfire by Vehumet.
  9831 | D:9      | Reached skill level 10 in Ice Magic
  9921 | D:9      | Reached XP level 11. HP: 74/87 MP: 18/22
  9921 | D:9      | Reached ** piety under Vehumet
  9962 | D:9      | Found a staircase to the Orcish Mines.
 10080 | D:9      | Found a basalt altar of Yredelemnul.
 10083 | D:9      | Offered knowledge of Poisonous Vapours by Vehumet.
 10323 | D:10     | Entered Level 10 of the Dungeon
 10332 | D:10     | Reached skill level 8 in Dodging
 10589 | D:10     | Noticed Josephine
 10602 | D:10     | HP: 1/79 [Josephine/vampiric draining (12)]
 11183 | D:10     | Offered knowledge of Inner Flame by Vehumet.
 11199 | D:10     | Identified the +2 robe "Heuda" {rPois Will- Stlth+}
 11205 | D:10     | Killed Josephine
 11213 | D:10     | Reached skill level 9 in Dodging
 11543 | Lair:1   | Entered Level 1 of the Lair of Beasts
 11730 | Lair:1   | Found an ancient bone altar of Kikubaaqudgha.
 11859 | Lair:1   | Reached *** piety under Vehumet
 11862 | Lair:1   | Reached skill level 10 in Fighting
 11960 | Lair:1   | Reached XP level 12. HP: 97/97 MP: 19/24
 12436 | Lair:2   | Offered knowledge of Volatile Blastmotes by Vehumet.
 12443 | Lair:2   | Reached skill level 10 in Dodging
 12550 | Lair:2   | Reached **** piety under Vehumet
 12597 | Lair:2   | Noticed a boulder beetle
 12616 | Lair:2   | Reached skill level 10 in Transmutations
 12618 | Lair:2   | Offered knowledge of Dazzling Flash by Vehumet.
 12631 | Lair:2   | Killed a boulder beetle
 12697 | Lair:2   | Learned a level 9 spell: Polar Vortex
 12899 | Lair:2   | Reached skill level 11 in Dodging
 13000 | Lair:2   | Found an ornate altar of the Wu Jian Council.
 13005 | Lair:2   | Noticed a boulder beetle
 13066 | Lair:2   | Killed a boulder beetle
 13109 | Lair:2   | Found a hide-covered altar of Uskayaw.
 13349 | Lair:2   | Noticed Amaemon
 13447 | Lair:2   | Noticed Gastronok
 13475 | Lair:2   | Killed Gastronok
 13476 | Lair:2   | Reached XP level 13. HP: 69/106 MP: 9/26
 13651 | Lair:2   | Found a staircase to the Swamp.
 14275 | Lair:3   | Reached skill level 10 in Spellcasting
 14718 | Lair:3   | Reached ***** piety under Vehumet
 14719 | Lair:3   | Reached skill level 12 in Dodging
 14726 | Lair:3   | Found a staircase to the Snake Pit.
 14729 | Lair:3   | Offered knowledge of Flame Wave by Vehumet.
 15518 | Lair:4   | Noticed Rupert
 15708 | Lair:4   | Found a transporter.
 15708 | Lair:4   | Found a transporter.
 15789 | Lair:4   | Noticed LynnLen's ghost (journeyman SpEn)
 15799 | Lair:4   | Found a staircase to the Slime Pits.
 15799 | Lair:4   | Found a viscous altar of Jiyva.
 16112 | Lair:5   | Entered Level 5 of the Lair of Beasts
 16238 | Lair:5   | Found a dark tunnel.
 16257 | Volcano  | Entered a volcano
 16957 | Lair:5   | Reached XP level 14. HP: 118/118 MP: 24/28
 18153 | Lair:5   | Reached skill level 15 in Ice Magic
 18453 | Orc:1    | Entered Level 1 of the Orcish Mines
 18513 | Orc:1    | Offered knowledge of Orb of Destruction by Vehumet.
 18721 | Orc:2    | Entered Level 2 of the Orcish Mines
 18769 | Orc:2    | Found a transporter.
 18793 | Orc:2    | Noticed Sonja
 18800 | Orc:2    | Killed Sonja
 19264 | Orc:2    | Noticed Erolcha
 19330 | Abyss:1  | Cast into level 1 of the Abyss (Erolcha)
 19595 | Abyss:1  | Noticed a balrug
 19631 | Orc:2    | Escaped the Abyss
 19645 | Orc:2    | Killed Erolcha
 19648 | Orc:2    | HP: 3/84 [orc knight/+2 war axe of freezing (6)]
 19754 | Orc:2    | Noticed jujuben's ghost (journeyman TrGl)
 19757 | Orc:2    | Identified the +7 great mace of Capital Punishment {venom,
                  | Int+3 Dex+2}
 19954 | Orc:2    | Offered knowledge of Iskenderun's Battlesphere by Vehumet.
 20064 | Orc:2    | Found a staircase to the Elven Halls.
 20144 | Orc:2    | Reached skill level 15 in Fighting
 20253 | Orc:2    | Reached XP level 15. HP: 104/116 MP: 15/29
 20352 | Orc:2    | Learned a level 7 spell: Dragon Form
 20711 | Orc:2    | Found Pozahil's Book Shoppe.
 20712 | Orc:2    | Found Pop Kuva's Armour Shoppe.
 20712 | Orc:2    | Found Vic Isoar's Jewellery Emporium.
 20713 | Orc:2    | Found Weno's Assorted Antiques.
 20719 | Orc:2    | Bought a scroll of identify for 60 gold pieces
 20719 | Orc:2    | Bought a scroll of identify for 60 gold pieces
 20719 | Orc:2    | Bought a scroll of identify for 60 gold pieces
 21241 | Orc:2    | Found a transporter.
 21256 | Orc:2    | Killed jujuben's ghost
 21257 | Orc:2    | Gained mutation: You possess an exceptional clarity of
                  | mind. [mutagenic glow]
 21426 | Orc:2    | Bought a coiled bronze ring for 150 gold pieces
 21426 | Orc:2    | Identified the ring of Xahaz {Ice rElec Int+2 SInv} (You
                  | bought it in a shop on level 2 of the Orcish Mines)
 21426 | Orc:2    | Bought a fine robe for 171 gold pieces
 21426 | Orc:2    | Identified the +4 robe of the Forest {Str+2 Dex+2 SInv}
                  | (You bought it in a shop on level 2 of the Orcish Mines)
 21572 | D:11     | Noticed Harold
 21582 | D:11     | Killed Harold
 21675 | D:11     | Identified the +3 whip of Renedaj {flame, rCorr Int+3
                  | Dex-3}
 22039 | D:11     | Noticed Grum
 22045 | D:11     | Killed Grum
 22134 | D:11     | Noticed Urug
 22139 | D:11     | Killed Urug
 22445 | D:12     | Found a frozen archway.
 22575 | IceCv    | Entered an ice cave
 22730 | IceCv    | Found an ancient bone altar of Kikubaaqudgha.
 23513 | IceCv    | Offered knowledge of Lee's Rapid Deconstruction by Vehumet.
 23872 | Orc:2    | Bought a manual of Dodging for 1440 gold pieces
 24051 | D:12     | Noticed Frances
 24061 | D:12     | Killed Frances
 24350 | D:12     | Noticed Fannar
 24368 | D:12     | Killed Fannar
 24593 | D:13     | Found a gate leading to a gauntlet.
 24599 | Gauntlet | Entered a Gauntlet
 24599 | Gauntlet | Found a transporter.
 24599 | Gauntlet | Found a transporter.
 24630 | Gauntlet | Found a transporter.
 24633 | Gauntlet | Found a transporter.
 24641 | Gauntlet | Found a transporter.
 24645 | Gauntlet | Found a transporter.
 24665 | Gauntlet | Found a transporter.
 24672 | Gauntlet | Found a transporter.
 24689 | Gauntlet | Found a transporter.
 24693 | Gauntlet | Found a transporter.
 24701 | Gauntlet | Found a transporter.
 24705 | Gauntlet | Found a transporter.
 25003 | Gauntlet | Identified the +2 helmet of Bad Feelings {rC++ Dex-2}
 25059 | Gauntlet | Reached skill level 13 in Dodging
 25076 | Gauntlet | Identified a scroll of acquirement
 25077 | Gauntlet | Acquired an amulet of regeneration
 25146 | Gauntlet | Got Qukloarph's Precepts of Bad Luck
 25155 | Gauntlet | Got the Tome of Portals
 25157 | Gauntlet | Identified the +1 ring mail of Vanity {+Blink Will- Stlth+}
 25212 | D:13     | Acquired the Catalogue of Putridity and Force
 25363 | D:13     | Found a runed translucent gate.
 25363 | D:13     | Found a runed translucent gate.
 25363 | D:13     | Found a runed translucent gate.
 25363 | D:13     | Found an ancient bone altar of Kikubaaqudgha.
 25364 | D:13     | Noticed a lich
 25364 | D:13     | Noticed Leinaam's ghost (journeyman MiBe)
 25364 | D:13     | Noticed a lich
 25364 | D:13     | Noticed HilariousDeathArtist's ghost (journeyman VSBe)
 25365 | D:13     | Noticed a lich
 26033 | Swamp:1  | Entered Level 1 of the Swamp
 26037 | Swamp:1  | Reached XP level 16. HP: 138/138 MP: 28/31
 26459 | Swamp:1  | Reached skill level 14 in Dodging
 27045 | Swamp:2  | Noticed a thorn hunter
 27050 | Swamp:2  | Killed a thorn hunter
 27073 | Swamp:2  | Offered knowledge of Iron Shot by Vehumet.
 27073 | Swamp:2  | Reached ****** piety under Vehumet
 27615 | Swamp:2  | Identified the +8 scale mail "Esiegg" {Will+ Stlth+}
 27633 | Swamp:2  | Reached skill level 15 in Dodging
 28196 | Swamp:3  | Identified the +3 ring mail of the Moon {rF- Will+ Dex+4}
 28245 | Swamp:3  | Noticed a fenstrider witch
 28248 | Swamp:3  | Killed a fenstrider witch
 28690 | Swamp:3  | Reached skill level 15 in Transmutations
 28976 | Swamp:4  | Entered Level 4 of the Swamp
 28985 | Swamp:4  | Reached skill level 16 in Dodging
 29389 | Swamp:4  | Reached XP level 17. HP: 147/147 MP: 18/33
 29738 | Swamp:4  | Noticed Louise
 29847 | Swamp:4  | Killed Louise
 29990 | Swamp:4  | Reached skill level 17 in Dodging
 30788 | Swamp:4  | Got a decaying rune of Zot
 31329 | D:14     | Identified Roxanne's Compilation of Transmigration
 31329 | D:14     | Noticed Roxanne
 31352 | D:14     | Killed Roxanne
 31358 | D:14     | Gained mutation: You occasionally lose the ability to read
                  | scrolls when taking damage. [mutagenic glow]
 31411 | D:13     | Lost mutation: You possess an exceptional clarity of mind.
                  | [potion of mutation]
 31411 | D:13     | Lost mutation: You occasionally lose the ability to read
                  | scrolls when taking damage. [potion of mutation]
 31411 | D:13     | Gained mutation: Armour fits poorly on your strangely
                  | shaped body. [potion of mutation]
 31546 | D:14     | Offered knowledge of Fireball by Vehumet.
 31705 | D:14     | Found a glowing silver altar of Zin.
 31848 | D:14     | Noticed Azrael
 31858 | D:14     | Killed Azrael
 32137 | D:14     | Found a blossoming altar of Fedhas.
 32352 | D:14     | Found a gate to the Vaults.
 32535 | D:15     | Entered Level 15 of the Dungeon
 32535 | D:15     | Found an ancient bone altar of Kikubaaqudgha.
 32549 | D:15     | Reached skill level 18 in Dodging
 32566 | D:15     | Gained mutation: You occasionally shout uncontrollably at
                  | your foes. [mutagenic glow]
 32584 | D:14     | Lost mutation: Armour fits poorly on your strangely shaped
                  | body. [potion of mutation]
 32584 | D:14     | Lost mutation: You occasionally shout uncontrollably at
                  | your foes. [potion of mutation]
 32584 | D:14     | Gained mutation: Potions are less effective at restoring
                  | your health. [potion of mutation]
 32584 | D:14     | Gained mutation: Your muscles are strong. (Str +4, Int/Dex
                  | -1) [potion of mutation]
 32584 | D:14     | Gained mutation: You occasionally lose the ability to read
                  | scrolls when taking damage. [potion of mutation]
 32585 | D:14     | Lost mutation: Potions are less effective at restoring your
                  | health. [potion of mutation]
 32585 | D:14     | Lost mutation: You occasionally lose the ability to read
                  | scrolls when taking damage. [potion of mutation]
 32585 | D:14     | Gained mutation: You have a pair of small antennae on your
                  | head. [potion of mutation]
 32585 | D:14     | Gained mutation: Your flesh is cold resistant. (rC+)
                  | [potion of mutation]
 32586 | D:14     | Lost mutation: Your muscles are strong. (Str +4, Int/Dex
                  | -1) [potion of mutation]
 32586 | D:14     | Lost mutation: Your flesh is cold resistant. (rC+) [potion
                  | of mutation]
 32586 | D:14     | Gained mutation: You are clumsy. (Dex -2) [potion of
                  | mutation]
 32586 | D:14     | Gained mutation: You occasionally shout uncontrollably at
                  | your foes. [potion of mutation]
 32587 | D:14     | Lost mutation: You have a pair of small antennae on your
                  | head. [potion of mutation]
 32587 | D:14     | Lost mutation: You are clumsy. (Dex -2) [potion of
                  | mutation]
 32587 | D:14     | Gained mutation: You are partially covered in iridescent
                  | scales. (AC +2) [potion of mutation]
 32587 | D:14     | Gained mutation: You occasionally lose the ability to drink
                  | potions when taking damage. [potion of mutation]
 32587 | D:14     | Lost mutation: You occasionally lose the ability to drink
                  | potions when taking damage. [potion of mutation]
 32587 | D:14     | Gained mutation: You possess an exceptional clarity of
                  | mind. [potion of mutation]
 32786 | D:15     | Reached skill level 1 in Unarmed Combat
 32862 | D:15     | Learned a level 4 spell: Manifold Assault
 33155 | D:15     | Found a staircase to the Depths.
 33274 | D:15     | Offered knowledge of Starburst by Vehumet.
 33869 | Snake:1  | Entered Level 1 of the Snake Pit
 33911 | Snake:1  | Reached XP level 18. HP: 156/156 MP: 23/34
 33998 | Snake:1  | Noticed Agnes
 33999 | Snake:1  | Reached skill level 19 in Dodging
 34011 | Snake:1  | Killed Agnes
 34308 | Snake:1  | Found a transporter.
 34639 | Snake:1  | Noticed Licon's ghost (journeyman GnWn)
 34655 | Snake:1  | Found a transporter.
 34688 | Snake:1  | Found a transporter.
 34688 | Snake:1  | Noticed Aizul
 34691 | Snake:1  | Noticed Kirke
 34904 | Snake:1  | Killed Kirke
 34912 | Lair:3   | Gained mutation: You have hidden genetic defects.
                  | [mutagenic glow]
 35143 | Snake:1  | Found a transporter.
 35367 | Snake:2  | Offered knowledge of Fire Storm by Vehumet.
 35367 | Snake:2  | Offered knowledge of Shatter by Vehumet.
 35367 | Snake:2  | Offered knowledge of Ignition by Vehumet.
 35595 | Snake:2  | Noticed Jorgrun
 35602 | Snake:2  | Killed Jorgrun
 35612 | Snake:2  | Found a runed translucent door.
 35612 | Snake:2  | Noticed Saint Roka
 35624 | Snake:2  | Killed Saint Roka
 35755 | Snake:2  | Noticed Rosiov's ghost (adept GnDe)
 36283 | Snake:2  | Gained mutation: You have terrible hidden genetic defects.
                  | [hidden defects]
 36346 | Snake:2  | Reached skill level 1 in Translocations
 36346 | Snake:2  | Lost mutation: You occasionally shout uncontrollably at
                  | your foes. [potion of mutation]
 36346 | Snake:2  | Lost mutation: You have terrible hidden genetic defects.
                  | [potion of mutation]
 36346 | Snake:2  | Lost mutation: You have hidden genetic defects. [potion of
                  | mutation]
 36346 | Snake:2  | Gained mutation: You are clumsy. (Dex -2) [potion of
                  | mutation]
 36346 | Snake:2  | Gained mutation: You have very sharp teeth. [potion of
                  | mutation]
 36592 | Snake:2  | Killed Rosiov's ghost
 36686 | Snake:3  | Reached skill level 5 in Unarmed Combat
 36989 | Snake:3  | Reached skill level 20 in Dodging
 37974 | Snake:4  | Entered Level 4 of the Snake Pit
 38372 | Snake:4  | Reached XP level 19. HP: 132/165 MP: 9/35
 38513 | Snake:4  | Noticed Vashnia
 38843 | Snake:4  | Found a shimmering altar of Xom.
 39172 | Snake:4  | Killed Vashnia
 39658 | Snake:4  | Reached skill level 5 in Translocations
 40073 | Snake:4  | Got a serpentine rune of Zot
 40891 | Depths:1 | Entered Level 1 of the Depths
 41553 | Depths:1 | Found a gateway to Hell.
 41563 | Depths:1 | Found Fozxun's Jewellery Emporium.
 41955 | Depths:1 | Found a corrupted altar of Lugonu.
 41956 | Depths:1 | Found a one-way gate to the infinite horrors of the Abyss.
 42139 | Depths:1 | Reached skill level 21 in Dodging
 42186 | Depths:1 | Found a sparkling altar of Nemelex Xobeh.
 42461 | Depths:1 | Found a portal to a secret trove of treasure.
 43091 | Depths:2 | Reached XP level 20. HP: 161/174 MP: 22/36
 43642 | Depths:2 | Found a burning altar of Makhleb.
 43697 | Depths:2 | Identified the amulet of Insomnia {Reflect rN+ SH+5}
 43999 | Depths:2 | Identified the +6 chain mail of the Forsaken Knives {rElec
                  | rPois Stlth+}
 44003 | Depths:2 | Identified the +0 pair of boots of the Vestibule of Hell
                  | {Rampage Str+4}
 44008 | Depths:2 | Identified the staff of death "Aluyhyump" {+Blink rN+
                  | Dex+6}
 44163 | Depths:2 | Found a one-way gate leading to the halls of Pandemonium.
 44523 | Depths:3 | Found Dikugaix's Jewellery Boutique.
 44564 | Depths:3 | Found a one-way gateway to a ziggurat.
 44580 | Depths:3 | Found a magical portal.
 44589 | WizLab   | Entered Maxwell's Workshop
 44731 | WizLab   | Reached skill level 10 in Unarmed Combat
 44862 | WizLab   | Noticed an electric golem
 44875 | WizLab   | Killed an electric golem
 44881 | WizLab   | Identified the ring of Vodghawi {Ice Int+5}
 44953 | WizLab   | Identified the ring "Puhynkip" {Fire Fly Dex+2 Slay-2}
 44955 | WizLab   | Identified the +8 ring mail of the Beginning {rPois rC-
                  | rCorr Int+2}
 45084 | WizLab   | Reached skill level 22 in Dodging
 45160 | WizLab   | Identified the ring of Tis Kugh {Ice Fly rPois}
 45985 | Depths:3 | Noticed Jory
 45995 | Depths:3 | Killed Jory
 46191 | Depths:3 | Reached XP level 21. HP: 183/183 MP: 33/37
 46878 | Orc:2    | Bought a phantom mirror for 1200 gold pieces
 47182 | Depths:4 | Entered Level 4 of the Depths
 47275 | Depths:4 | Found an opulent altar of Gozag.
 47887 | Depths:4 | Identified the +0 pair of boots of Modesty {rF+}
 48268 | Depths:4 | Found a gate to the Realm of Zot.
 48753 | Vaults:1 | Entered Level 1 of the Vaults
 49063 | Vaults:1 | Found a flickering gateway to a bazaar.
 49072 | Bazaar   | Entered a bazaar
 49109 | Bazaar   | Found Qawko's Assorted Antiques.
 49131 | Bazaar   | Found Curack's Armour Emporium.
 49152 | Bazaar   | Found Peeq's Book Boutique.
 49172 | Bazaar   | Found Fev Careul's Antique Armour Shoppe.
 49199 | Bazaar   | Bought a potion of haste for 330 gold pieces
 49199 | Bazaar   | Bought a potion of heal wounds for 165 gold pieces
 49199 | Bazaar   | Bought a potion of heal wounds for 165 gold pieces
 49482 | Vaults:1 | Noticed Nikola
 49489 | Vaults:1 | Killed Nikola
 50470 | Vaults:2 | Reached skill level 23 in Dodging
 50550 | Vaults:2 | Identified the +11 dagger "Ruciac Dech" {distort, rElec
                  | rPois rF+ Dex+4}
 51236 | Vaults:2 | Noticed Mara
 51244 | Vaults:2 | Noticed safid's illusion
 51444 | Vaults:2 | Killed Mara
 51445 | Vaults:2 | Reached XP level 22. HP: 194/194 MP: 14/38
 51668 | Vaults:2 | Found a staircase to the Crypt.
 53079 | Vaults:3 | Reached skill level 15 in Unarmed Combat
 54077 | Vaults:4 | Found a crumbling gateway.
 54091 | Desolati | Entered the Desolation of Salt
 54144 | Desolati | Identified the ring "Alemeifin" {MP+9 Str+4 Stlth+}
 54207 | Desolati | Identified the ring of Qiyllim {Contam rN++ Str+6 Int+2
                  | Dex-3}
 54213 | Desolati | Got the Papyrus of Metamorphic Haze
 54432 | Desolati | Reached skill level 24 in Dodging
 54602 | Desolati | Reached XP level 23. HP: 202/202 MP: 39/39
 54722 | Desolati | Identified the +0 tower shield of Arrocah {rElec}
 54865 | Desolati | Identified the +1 halberd of Causality {vamp, rF+ rC+
                  | Will+}
 54876 | Desolati | Got Xosut's Handbook of the Compass and the Icicle
 54977 | Desolati | Identified the +7 spear of Pyegoy {heavy, rN+ Int+4}
 54988 | Desolati | Identified the amulet of Midnight {RegenMP rC+}
 54999 | Desolati | Found the +3 hat of Pondering {ponderous, Will+ MP+10
                  | Int+5}
 55514 | Vaults:4 | Found a transporter.
 56751 | Vaults:4 | Found a bloodstained altar of Trog.
 56751 | Vaults:4 | Found the necklace of Bloodlust {Fury *Rage Will++ Int-3
                  | Slay+6}
 56800 | Vaults:4 | Found a transporter.
 56822 | Vaults:4 | Found a runed translucent door.
 56844 | Vaults:4 | Identified the +5 demon trident of Salt {pain, *Noise rPois
                  | rF+ rC++}
 56865 | Vaults:4 | Identified the +10 plate armour of Dyjoc {rPois Int+2}
 56944 | Vaults:5 | Entered Level 5 of the Vaults
 57358 | Slime:1  | Entered Level 1 of the Pits of Slime
 58602 | Slime:5  | Entered Level 5 of the Pits of Slime
 59936 | Slime:5  | Found a viscous altar of Jiyva.
 59952 | Slime:5  | Reached XP level 24. HP: 162/212 MP: 26/39
 59987 | Slime:5  | Reached skill level 25 in Dodging
 60094 | Slime:5  | Noticed the Royal Jelly
 60338 | Slime:5  | Killed the Royal Jelly
 60506 | Slime:5  | Identified the +0 hat of the Dwarven Hall {rElec Str-3
                  | Dex+6}
 60508 | Slime:5  | Got a slimy rune of Zot
 60509 | Slime:5  | Identified the ring "Akenu" {Fly rPois rC- Int+2 Dex+8}
 60583 | Slime:5  | Identified the ring "Biupniuv" {Wiz rElec Str-5 Int+4
                  | Stlth+}
 60612 | Slime:5  | Identified the +3 flail of Melee {spect, Fragile rElec
                  | rPois rC++}
 60677 | Slime:5  | Identified the +7 broad axe of Dullness {holy, rC+++ Str+5
                  | Dex-2}
 60680 | Slime:5  | Identified the staff of earth "Reubih" {Int+4}
 61337 | Zot:1    | Entered Level 1 of the Realm of Zot
 61345 | Zot:1    | Reached skill level 1 in Evocations
 61352 | Zot:1    | HP: 12/318 [red draconian/+0 glaive (9)]
 61352 | Zot:1    | HP: 3/318 [tentacled monstrosity (6)]
 61352 | Zot:1    | Slain by a tentacled monstrosity

Illustrated notes

Levels and vault maps discovered:
D:1:      dpeg_arrival_ratfight, layout_basic, chequers_ecumenical_altar_island
D:2:      layout_basic, chequers_serial_rivers_small_b, hex_tiny, uniq_terence,
          uniq_natasha, uniq_jessica
D:3:      layout_loops_ring, mainiacjoe_overflow_large_starburst,
          minmay_snake_closets
D:4:      layout_basic, chequers_serial_rivers_micro_d, uniq_sigmund
D:5:      layout_loops_ring, mainiacjoe_overflow_two_lobes,
          ebering_ghost_rock_garden
D:6:      layout_loops_ring, xom_redecorated, uniq_blork_the_orc
D:7:      layout_basic, minmay_temple_entry_junction, minmay_ruffians,
          uniq_maggie
D:8:      layout_basic, david_lair_shrubbed, serial_aquarium,
          aquarium_bridge_island_small [aquarium_subvault_small_water,
          aquarium_subvault_wall, aquarium_subvault_wall,
          aquarium_subvault_window, aquarium_subvault_bridge],
          aquarium_bridge_long_joined [aquarium_subvault_window,
          aquarium_subvault_wall, aquarium_subvault_bridge,
          aquarium_subvault_wall, aquarium_subvault_wall,
          aquarium_subvault_bridge], aquarium_window_double, aquarium_window_1,
          aquarium_view_2d, aquarium_balcony_1b, aquarium_pool_five,
          interstate_on_off, nzn_life_drinkers, uniq_psyche
D:9:      layout_basic, yredelemnul_forgotten_temple_becter, david_orc_4
D:10:     layout_irregular_city, uniq_josephine
D:11:     layout_small_grid, uniq_urug, uniq_harold, uniq_grum
D:12:     layout_rooms, portal_ice_cave_entry_ice_simulacra, uniq_fannar,
          uniq_frances
D:13:     layout_loops_ring, gammafunk_ghost_crypt, gauntlet_entry_generic
D:14:     layout_gridville, david_vaults_4, fedhas_altar_3, zin_scriptorium,
          uniq_roxanne, uniq_azrael
D:15:     grunt_enter_depths_snipers, layout_gridville, serial_undead,
          serial_undead_a, serial_undead_a, serial_undead_c, serial_undead_d,
          serial_undead_c, serial_undead_c, serial_undead_b, serial_undead_e,
          nicolae_kikubaaqudgha_miasma_corner, minmay_misc_feat_doors,
          minmay_microvault
Temple:   nicolae_temple_superstar
Lair:1:   layout_loops_ring, basic_altar
Lair:2:   layout_gridlike, nicolae_swamp_entry_spooky, serial_bayou_pond_b,
          nzn_masters_of_martial_movement, serial_bayou_shore_a, uniq_amaemon,
          uniq_gastronok
Lair:3:   pond_and_an_island_with_a_cottage, layout_regular_city,
          nicolae_snake_entry_squirm
Lair:4:   layout_hall_layers, slime_entry_1, nzn_ghost_randoct, uniq_rupert
Lair:5:   hangedman_lair_in_review, layout_cave_shapes,
          nicolae_volcano_entry_batcave
Swamp:1:  layout_basic_swamp, evilmike_swamp_ruin_house_2
Swamp:2:  layout_falls_marsh, serial_swamp_ruin, evilmike_swamp_ruin_house_6,
          evilmike_swamp_ruin_rubble_1, infiniplex_staircase_pool
Swamp:3:  layout_basic_swamp, hangedman_swamp_pad
Swamp:4:  swamp_basic_johnstein, layout_basic_swamp, swamp_pool5,
          grunt_witch_cave, uniq_louise
Snake:1:  gammafunk_sealed_arena, layout_cave_shapes,
          gammafunk_ghost_berserking_beasts, grunt_ministairs_7,
          nicolae_snake_snakes_in_the_grass, uniq_aizul, uniq_agnes, uniq_kirke
Snake:2:  layout_honeycomb, hellmonk_ghost_happy_afterlife, drop_trap,
          uniq_jorgrun, uniq_saint_roka
Snake:3:  layout_cave_pods, grunt_ministairs_1, grunt_megastairs_4
Snake:4:  grunt_snake_rune_pools, layout_grid_maze, basic_altar,
          lemuel_fruit_tree, uniq_vashnia
Slime:1:  layout_caves
Slime:2:  layout_caves, cheibrodos_slime_lost_civilization_5
Slime:3:  cheibrodos_slime_lost_civilization_10, layout_caves
Slime:4:  layout_caves
Slime:5
Orc:1:    layout_caves, nicolae_orc_sculptors_studio
Orc:2:    st_orc_pillars, layout_diamond_mine, gammafunk_ghost_smash,
          nicolae_orc_bridge_out, uniq_erolcha, uniq_sonja
Vaults:1: vaults_mumra_minichess_inversion, nicolae_vaults_closet_pinwheel_5,
          nicolae_vaults_tangram_1, vaults_room_grid, grunt_vaults_diagonal,
          vaults_dpeg_cross, vaults_dpeg_diagonal, v_alt_pattern_1,
          nicolae_vaults_octothorpe, ontoclasm_vaults_loading_screen,
          layout_vaults_big_room, serial_shops, freezing_bzr, uniq_nikola
Vaults:2: nicolae_vaults_loss_of_containment, nicolae_vaults_heart-shaped_vault,
          minmay_crypt_entry_simple_box, nicolae_vaults_little_squares_3,
          vaults_room_door_hall, v_misc_17, nicolae_vaults_little_squares_2,
          nicolae_vaults_ninety_degrees, vaults_room_pools,
          nicolae_vaults_more_shelving_2, v_alt_pattern_1,
          layout_vaults_big_cross, uniq_mara
Vaults:3: nicolae_vaults_trapezoid_lopsided_3,
          vaults_standard_mumra_enter_the_diamond,
          nicolae_vaults_surprise_closet, v_alt_pattern_3, v_alt_pattern_2,
          vaults_dpeg_spiral, nicolae_vaults_trapezoid_layered,
          ontoclasm_vaults_decontamination, nicolae_vaults_storage_room_glass,
          layout_vaults_quadrants
Vaults:4: portal_desolation_entry_ruin, hangedman_vaults_maws,
          ontoclasm_vaults_claustrophobia, nicolae_vaults_variable_pillar_hall,
          emtedronai_trogs_sanctum, nicolae_vaults_trapezoid_3, v_misc_4,
          v_misc_14, nicolae_vaults_six-pack, dpeg_vaults_monster_box,
          hangedman_vaults_impose, layout_vaults_maze_snakey
Vaults:5: serial_shops
Depths:1: layout_cave_pools, serial_glass, glass_columns_a, glass_columns_a,
          hell_entry, minmay_crystal_room, nicolae_trove_entry_path_of_doom,
          abyss_entry_flame_altar, minmay_shop_enchanted_jewellery,
          nemelex_diamond_rough_becter
Depths:2: minmay_the_grid_triangle_9x9_rhombus_thin
          [minmay_the_grid_triangle_9x9_semitri,
          minmay_the_grid_triangle_9x9_prize_insulated,
          minmay_the_grid_triangle_9x9_negative_grid,
          minmay_the_grid_triangle_9x9_shrine], layout_gridlike,
          hangedman_coc_ice_floe, grunt_pan_entry_in_and_out,
          nicolae_abyss_entry_one_way_or_another
Depths:3: nicolae_cairo_tiling_large_dashed, layout_gridlike, enter_ziggurat_c,
          serial_shops, nicolae_square_shop, minmay_misc_feat_enclosed,
          abyss_entry, hell_entry, mu_enter_wizlab_5, minmay_misc_feat_tiny,
          infiniplex_staircase_zigzag_2, uniq_jory
Depths:4: grunt_bruiser_brothers, layout_cross, hell_entry,
          nicolae_gozag_cash_rules_everything_around_me, rand_demon_pan_entry_7,
          uniq_margery
Zot:1:    cheibrodos_zot_enchanting_chambers, layout_misc_corridors,
          nzn_random_ring, uniq_tiamat

Skill      XL: |  1  2  3  4  5  6  7  8  9 10 11 12 13 14 15 16 17 18 19 20 21 22 23 24 |
---------------+-------------------------------------------------------------------------+-----
Fighting       | 1 2 3 4 5 6 7 8 10 11 13 15 16 17 18 19 20 21 22 | 22.5
Ice Magic      | 5 6 7 8 9 10 11 12 13 15 17 18 20 21 22 23 24 | 24.9
Spellcasting   | 3 4 5 6 7 8 9 10 11 12 | 12.0
Dodging        | 3 5 7 9 11 12 13 16 18 20 21 22 23 24 25 | 25.1
Transmutations | 2 4 7 9 11 12 13 15 17 18 | 18.0
Conjurations   | 1 2 |  2.0
Unarmed Combat | 2 6 8 10 13 16 18 | 18.3
Translocations | 4 6 |  6.0
Evocations     | 1 |  1.4
Stealth        | |  2.1

Action                     |  1- 3 |  4- 6 |  7- 9 | 10-12 | 13-15 | 16-18 | 19-21 | 22-24 || total
---------------------------+-------+-------+-------+-------+-------+-------+-------+-------++-------
  Melee: Dagger            |    26 |   106 |    13 |       |       |       |       |       ||   145
         Unarmed           |     1 |       |       |       |       |    63 |   451 |   406 ||   921
         Punch             |       |     1 |       |     7 |     8 |     2 |    42 |    40 ||   100
         Spear             |       |       |    86 |       |       |       |       |       ||    86
         War axe           |       |       |    19 |   292 |   425 |       |       |       ||   736
         Tailslap          |       |       |       |       |    17 |    17 |    96 |    73 ||   203
         Great mace        |       |       |       |       |   348 |   381 |    92 |       ||   821
         Bite              |       |       |       |       |       |    22 |    95 |    54 ||   171
         Demon trident     |       |       |       |       |       |       |       |     1 ||     1
   Cast: Freeze            |    30 |   107 |    22 |    21 |    16 |     2 |       |       ||   198
         Frozen Ramparts   |       |     5 |    40 |    72 |    95 |    31 |    20 |     1 ||   264
         Ozocubu's Armour  |       |     4 |    22 |    60 |   106 |    35 |    22 |     1 ||   250
         Irradiate         |       |       |       |     4 |    37 |    50 |    26 |    21 ||   138
         Ozocubu's Refrige |       |       |       |       |    75 |   244 |   129 |   143 ||   591
         Dragon Form       |       |       |       |       |       |     5 |    68 |    52 ||   125
         Polar Vortex      |       |       |       |       |       |     1 |    22 |    17 ||    40
         Manifold Assault  |       |       |       |       |       |       |    10 |       ||    10
  Evoke: Wand              |       |       |       |       |     2 |       |       |       ||     2
    Use: Potion            |       |     1 |     1 |     5 |     5 |     9 |     8 |     1 ||    30
         Scroll            |       |       |     5 |    15 |    25 |     3 |    10 |     5 ||    63
   Stab: Sleeping          |     1 |     9 |     6 |       |       |     2 |     3 |     3 ||    24
         Distracted        |       |       |       |       |       |       |     1 |       ||     1
 Armour: Robe              |     5 |    49 |    41 |   123 |   421 |   255 |    51 |    36 ||   981
         Skin              |       |       |       |       |       |    19 |   202 |   102 ||   323
  Dodge: Dodged            |    21 |   100 |    87 |   389 |  1202 |   928 |   639 |   367 ||  3733
  Block: Other             |       |    30 |    30 |   122 |   294 |       |       |       ||   476
         Reflection        |       |       |     1 |     2 |       |       |       |       ||     3
